 Dungeon Crawl Stone Soup version 0.26.1-2-gb8aa6d0cf2 (webtiles) character file.

Game seed: 15695145428461242286

12455 Gadfly the Grappler (level 11, -5/91 HPs)
             Began as a Purple Draconian Transmuter on Feb 21, 2021.
             Was a Priest of Wu Jian.
             Slain by a cyan ugly thing (6 damage)
             ... while petrified by a basilisk
             ... on level 11 of the Dungeon.
             The game lasted 00:31:02 (16338 turns).

Gadfly the Grappler (Purple Draconian Transmuter)  Turns: 16338, Time: 00:31:02

Health: -5/91      AC:  2    Str: 15    XL:     11   Next: 62%
Magic:  19/24      EV:  5    Int: 20    God:    Wu Jian [***...]
Gold:   700        SH:  0    Dex: 23    Spells: 7/28 levels left

rFire    . . .     SeeInvis .     - Unarmed
rCold    . . .     Faith    .   (shield currently unavailable)
rNeg     + + +     Spirit   .   (armour unavailable)
rPois    ∞         Reflect  +   (helmet currently unavailable)
rElec    .         Harm     .   (cloak currently unavailable)
rCorr    .         Rampage  .   (gloves currently unavailable)
Will     +....                  (boots currently unavailable)
Stlth    ++........             o - amulet of reflection
HPRegen  0.25/turn              g - +6 ring of intelligence
MPRegen  0.19/turn              c - +6 ring of dexterity

@: spider-form, petrified
A: tiny, (breathe power), unfitting armour, AC +7
a: End Transformation, Renounce Religion, Wall Jump, Serpent's Lash


You were on level 11 of the Dungeon.
You worshipped Wu Jian.
Wu Jian was most pleased with you.
You were a venomous arachnid creature.
You visited 2 branches of the dungeon, and saw 12 of its levels.

You collected 812 gold pieces.
You spent 112 gold pieces at shops.

Inventory:

Hand Weapons
 b - a +1 whip of electrocution
Armour
 d - a +2 cloak (melded)
 q - a +0 pair of boots (melded)
Jewellery
 a - an uncursed ring of magical power
 c - a +6 ring of dexterity (right front leg)
 g - a +6 ring of intelligence (left front leg)
 h - an uncursed ring of see invisible
 o - an amulet of reflection (around neck)
 t - an uncursed amulet of magic regeneration
 B - an uncursed ring of flight
Wands
 m - a wand of acid (10)
 x - a wand of enslavement (10)
 z - a wand of flame (38)
Scrolls
 l - 3 scrolls of blinking
 n - 4 scrolls of remove curse
 p - 2 scrolls of enchant weapon
 r - 4 scrolls of teleportation
 y - a scroll of amnesia
 A - a scroll of enchant armour
 D - a scroll of magic mapping
Potions
 e - a potion of cancellation
 f - 4 potions of attraction
 i - 2 potions of resistance
 j - 5 potions of haste
 k - a potion of might
 s - 4 potions of curing
 u - 3 potions of brilliance
 v - a potion of ambrosia


   Skills:
 + Level 6.4 Fighting
 + Level 7.4 Dodging
 * Level 9.0 Unarmed Combat
 + Level 9.0 Spellcasting
 + Level 8.3 Transmutations
 + Level 8.6 Evocations


You had 7 spell levels left.
You knew the following spells:

 Your Spells              Type           Power        Failure   Level
a - Irradiate             Conj/Tmut      12%          58%         5
b - Wereblood             Tmut           42%          3%          2
c - Spider Form           Tmut/Pois      12%          13%         3
d - Ice Form              Ice/Tmut       25%          32%         4
e - Blade Hands           Tmut           21%          19%         5
f - Swiftness             Air            9%           28%         2

Your spell library contained the following spells:

 Spells                   Type           Power        Failure   Level
 Beastly Appendage        Tmut           84%          2%          1
 Passwall                 Tmut/Erth      20%          9%          2
 Animate Skeleton         Necr           18%          21%         1
 Apportation              Tloc           18%          21%         1
 Corona                   Hex            10%          21%         1
 Sandblast                Erth           18%          21%         1
 Shock                    Conj/Air       36%          21%         1
 Summon Small Mammal      Summ           36%          21%         1
 Ignite Poison            Fire/Tmut/Pois 20%          21%         3
 Slow                     Hex            9%           28%         2
 Sublimation of Blood     Necr           4%           28%         2
 Petrify                  Tmut/Erth      25%          32%         4
 Confusing Touch          Hex            9%           43%         3
 Gell's Gravitas          Tloc           4%           43%         3
 Inner Flame              Hex/Fire       9%           43%         3
 Portal Projectile        Hex/Tloc       18%          43%         3
 Static Discharge         Conj/Air       9%           43%         3
 Stone Arrow              Conj/Erth      18%          43%         3
 Alistair's Intoxication  Tmut/Pois      16%          58%         5
 Yara's Violent Unravell  Hex/Tmut       12%          58%         5
 Airstrike                Air            4%           78%         4
 Cause Fear               Hex            4%           78%         4
 Leda's Liquefaction      Hex/Erth       4%           78%         4
 Lee's Rapid Deconstruct  Erth           4%           98%         5
 Lightning Bolt           Conj/Air       4%           98%         5
 Metabolic Englaciation   Hex/Ice        4%           98%         5
 Eringya's Noxious Bog    Tmut/Pois      12%          98%         6


Dungeon Overview and Level Annotations

Branches:
Dungeon (11/15)            Temple (1/1) D:6            Lair (0/6) D:11
    Orc: D:9-12

Altars:
Ashenzari
Dithmenos
Elyvilon
Fedhas
Gozag
Hepliaklqana
Nemelex Xobeh
Okawaru
Qazlal
Ru
Sif Muna
Trog
Uskayaw
Wu Jian
Xom
Yredelemnul
Zin
The Shining One

Shops:
D:7 *   D:10 :


Innate Abilities, Weirdness & Mutations

((You can breathe bolts of dispelling energy.))
((Your rich purple scales are hard. (AC +7)))
You cannot fit into any form of body armour.
((You are cold-blooded and may be slowed by cold attacks.))


Message History

You bite the basilisk!
The basilisk looks as sick as possible!
The basilisk is almost dead.
The basilisk gazes at you.
You are slowing down.
The basilisk gazes at you. You resist with almost no effort.
The cyan ugly thing misses you.
Your limbs are stiffening.
You feel better.
You kill the basilisk!
The Council accepts your kill. The cyan ugly thing barely misses you.
You have turned to stone.
Your Spellcasting skill increases to level 9!
The cyan ugly thing kicks you!
* * * LOW HITPOINT WARNING * * *
The cyan ugly thing shocks you!
* * * LOW HITPOINT WARNING * * *
The cyan ugly thing kicks you. The cyan ugly thing shocks you!
* * * LOW HITPOINT WARNING * * *
The cyan ugly thing kicks you!
You die...

#........# .##........
#.......... ..........
##........### ##..#..####
#..>......# ###.#... #
##.........# #........
#####..........#####.....
........##..##...........
........##..##...........
........#.......su.......
........#................
..................†......
........#................
........#.....######.....
........#.....# .....
........#.....# ....
........#..?..# ...
############### ...


You could see a cyan ugly thing (very poisoned).

Vanquished Creatures
  A hydra (D:11)
  A two-headed ogre (D:10)
  Pikel (D:4)
  A centaur zombie (D:10)
  Maurice (D:8)
  A gargoyle (D:11)
  A tengu conjurer (D:10)
  2 hornets
  A meliai zombie (D:10)
  2 wyverns
  A wraith (D:10)
  4 yaks (D:10)
  Sigmund (D:4)
  3 basilisks (D:11)
  Grum (D:9)
  Menkaure (D:6)
  An acid dragon (D:9)
  5 water moccasins
  A black bear (D:11)
  4 ice beasts
  7 ogres
  2 orc warriors
  3 phantoms
  5 centaurs
  4 sky beasts
  5 wolves
  8 bullfrogs
  2 big kobolds
  A gnoll sergeant (D:6)
  A wyvern skeleton (D:8)
  2 scorpions
  17 wights
  9 killer bees
  2 howler monkeys
  8 orc wizards
  5 jellies
  2 centaur skeletons
  13 orc priests
  A gnoll shaman (D:7)
  4 hounds
  2 bullfrog skeletons
  4 iguanas
  12 worker ants
  A killer bee zombie (D:10)
  3 worker ant zombies
  8 gnolls
  12 adders
  A shadow imp (D:5)
  2 white imps (D:6)
  4 ufetubi
  An ooze (D:1)
  2 adder skeletons
  An adder zombie (D:9)
  2 worms
  4 dart slugs
  A leopard gecko (D:10)
  42 orcs
  8 bats
  4 giant cockroaches
  5 goblins
  6 hobgoblins
  6 jackals
  17 kobolds
  4 quokkas
  A ball python (D:4)
  6 frilled lizards
  A jackal skeleton (D:5)
  A leopard gecko zombie (D:5)
  2 quokka skeletons
  7 rats
305 creatures vanquished.

Vanquished Creatures (others)
  A leopard gecko (D:9)
  2 fungi (D:11)
  12 plants (D:11)
15 creatures vanquished.

Grand Total: 320 creatures vanquished

Notes
Turn   | Place    | Note
-------+----------+-------------------------------------------
     0 | D:1      | Gadfly the Draconian Transmuter began the quest for the
                  | Orb.
     0 | D:1      | Reached XP level 1. HP: 16/16 MP: 3/3
   549 | D:1      | Reached XP level 2. HP: 20/23 MP: 5/5
   552 | D:1      | Learned a level 2 spell: Wereblood
  1180 | D:2      | Reached XP level 3. HP: 28/28 MP: 6/6
  1632 | D:2      | Learned a level 3 spell: Spider Form
  1731 | D:2      | Reached skill level 1 in Evocations
  2162 | D:3      | Reached XP level 4. HP: 36/36 MP: 5/7
  2378 | D:3      | Found a basalt altar of Yredelemnul.
  2381 | D:3      | Found a shimmering altar of Xom.
  2381 | D:3      | Found a shimmering altar of Xom.
  2428 | D:3      | Found a sparkling altar of Nemelex Xobeh.
  2428 | D:3      | Found a white marble altar of Elyvilon.
  2428 | D:3      | Found a blossoming altar of Fedhas.
  2944 | D:4      | Reached XP level 5. HP: 26/41 MP: 6/8
  3572 | D:4      | Noticed a phantom
  3597 | D:4      | Killed a phantom
  3598 | D:4      | Reached XP level 6. HP: 13/48 MP: 10/10
  3663 | D:4      | Noticed Sigmund
  4331 | D:4      | Killed Sigmund
  4370 | D:4      | Your scales start taking on a rich purple colour.
  4370 | D:4      | Reached XP level 7. HP: 24/56 MP: 10/13
  4660 | D:4      | Learned a level 4 spell: Ice Form
  4681 | D:5      | Entered Level 5 of the Dungeon
  4706 | D:5      | Noticed Pikel
  4747 | D:4      | Killed Pikel
  4748 | D:4      | Reached skill level 5 in Unarmed Combat
  4748 | D:4      | Reached XP level 8. HP: 22/63 MP: 11/15
  5125 | D:5      | Reached skill level 5 in Spellcasting
  5396 | D:5      | Learned a level 5 spell: Blade Hands
  6280 | D:5      | Reached skill level 5 in Transmutations
  6565 | D:6      | Reached skill level 5 in Evocations
  6760 | D:6      | Reached XP level 9. HP: 60/71 MP: 17/17
  7458 | D:6      | Found a staircase to the Ecumenical Temple.
  7467 | Temple   | Entered the Ecumenical Temple
  7565 | Temple   | Became a worshipper of the Wu Jian Council
  7794 | D:7      | Reached skill level 5 in Dodging
  7802 | D:7      | HP: 2/71 [gnoll/+0 halberd (5)]
  8210 | D:7      | Noticed Menkaure
  8223 | D:6      | Killed Menkaure
  8511 | D:7      | Learned a level 2 spell: Swiftness
  8687 | D:7      | Found Qumarghew's Assorted Antiques.
  8696 | D:7      | Bought a scroll labelled WUMYRPH YLOJ for 28 gold pieces
  8696 | D:7      | Bought a scroll labelled NIEFEL WETET for 28 gold pieces
  8696 | D:7      | Bought a scroll labelled XOUZOM SEN NIV for 28 gold pieces
  8696 | D:7      | Bought a scroll labelled VAUGHUE KICSI for 28 gold pieces
  8985 | D:7      | Found a blossoming altar of Fedhas.
  8985 | D:7      | Found a sacrificial altar of Ru.
  9410 | D:8      | Reached * piety under Wu Jian
  9464 | D:8      | HP: 2/72 [killer bee (10)]
  9517 | D:7      | Reached XP level 10. HP: 14/80 MP: 20/20
 10569 | D:8      | Found a shimmering blue altar of Sif Muna.
 10580 | D:8      | Identified the +5 robe "Duream" {rC+}
 10580 | D:8      | Noticed Maurice
 10602 | D:8      | Killed Maurice
 10603 | D:8      | Reached skill level 5 in Fighting
 11132 | D:9      | Found a basalt altar of Yredelemnul.
 11302 | D:9      | Reached ** piety under Wu Jian
 11786 | D:9      | Found an opulent altar of Gozag.
 11833 | D:9      | Noticed Grum
 11867 | D:9      | Killed Grum
 12209 | D:9      | Paralysed by a hornet for 1 turns
 12221 | D:9      | HP: 4/81 [poisoned by a hornet]
 12228 | D:9      | HP: 3/81 [poisoned by a hornet]
 12235 | D:9      | HP: 2/81 [poisoned by a hornet]
 12243 | D:9      | HP: 2/81 [poisoned by a hornet]
 12887 | D:10     | Entered Level 10 of the Dungeon
 12887 | D:10     | Found Oryog's Book Boutique.
 13570 | D:10     | Reached XP level 11. HP: 78/88 MP: 20/23
 14306 | D:10     | Reached *** piety under Wu Jian
 14863 | D:11     | Noticed a two-headed ogre
 14871 | D:10     | Killed a two-headed ogre
 15193 | D:11     | Identified a scroll of acquirement
 15193 | D:11     | Acquired a book of Alchemy
 15201 | D:11     | Learned a level 5 spell: Irradiate
 15941 | D:11     | Found a staircase to the Lair.
 16316 | D:11     | Noticed a five-headed hydra
 16320 | D:11     | Noticed a cyan ugly thing
 16323 | D:11     | Killed a five-headed hydra
 16337 | D:11     | HP: 1/91 [cyan ugly thing (7)]
 16338 | D:11     | Slain by a cyan ugly thing

Illustrated notes

Levels and vault maps discovered:
D:1:      minmay_arrival_four_circles, layout_basic, grunt_decor_mini_mirrors
D:2:      layout_loops_ring, kennysheep_cross_bottleneck, minivault_11
D:3:      layout_rooms, doesnt_xom_only_xom
D:4:      layout_basic, serial_glass, glass_columns_b, glass_columns_a,
          glass_columns_c, glass_columns_b, uniq_sigmund
D:5:      layout_layer_cave, hangedman_abyss_or_decor_stabs, uniq_pikel
D:6:      layout_loops_ring, lemuel_temple_firewalk_a, kennysheep_nondescript
D:7:      layout_loops_ring, gammafunk_temple_overflow_pools, serial_shops,
          shop_statue, uniq_menkaure
D:8:      layout_rooms, nicolae_overflow_crystal_walls,
          kennysheep_generic_room_4, uniq_maurice
D:9:      layout_irregular_city, marbit_many_paths, overflow_temple_1_default,
          uniq_grum
D:10:     layout_roguey, serial_shops, shop
D:11:     layout_rooms, minmay_lair_entry_grove, minmay_misc_feat_rows
Temple:   minmay_crystal_spiral_temple

Skill      XL: |  1  2  3  4  5  6  7  8  9 10 11 |
---------------+----------------------------------+-----
Dodging        | 2 3 4 5 6 7 |  7.4
Evocations     | 1 2 3 4 5 6 7 8 |  8.6
Transmutations | 3 4 5 6 7 8 |  8.3
Fighting       | 2 3 4 5 6 |  6.4
Unarmed Combat | 4 5 6 7 9 |  9.0
Spellcasting   | 3 4 5 7 8 9 |  9.0

Action                   |  1- 3 |  4- 6 |  7- 9 | 10-12 || total
-------------------------+-------+-------+-------+-------++-------
Melee: Unarmed           |    87 |   154 |   184 |   540 ||   965
       Kick              |    22 |    33 |    26 |       ||    81
       Headbutt          |    10 |    17 |    20 |       ||    47
       Tailslap          |     7 |    15 |    43 |    19 ||    84
       Punch             |     2 |     4 |    11 |    10 ||    27
       Dagger            |       |       |    13 |       ||    13
       Whip              |       |       |   193 |       ||   193
 Cast: Beastly Appendage |    24 |    22 |    18 |       ||    64
       Wereblood         |       |     2 |       |       ||     2
       Spider Form       |       |       |     8 |    32 ||    40
       Ice Form          |       |       |     1 |    10 ||    11
Invok: Lunge             |       |       |     7 |    32 ||    39
       Whirlwind         |       |       |       |    11 ||    11
 Abil: Breathe Dispellin |       |       |     5 |       ||     5
       Wall Jump         |       |       |       |     3 ||     3
Evoke: Wand              |       |     4 |     2 |     5 ||    11
  Use: Scroll            |     3 |     9 |    11 |     5 ||    28
       Potion            |       |     1 |     4 |     1 ||     6
 Stab: Sleeping          |       |     1 |     2 |     1 ||     4
       Distracted        |       |     1 |       |       ||     1
Armor: Skin              |    24 |    44 |   107 |    58 ||   233
Dodge: Dodged            |    61 |   100 |   306 |   425 ||   892
Block: Other             |       |       |    82 |    98 ||   180
       Reflection        |       |       |     1 |     7 ||     8
